 Dungeon Crawl Stone Soup version 0.30-a0-354-g6b83867211 (webtiles) character file.

Game seed: 7832277330209785658

2367 Pooter the Cleaver (level 9, -5/75 (78) HPs)
             Began as a Minotaur Monk on Nov 7, 2022.
             Slain by an orc warrior
             ... wielding a +0 battleaxe
              (12 damage)
             ... on level 7 of the Dungeon.
             The game lasted 00:28:44 (6572 turns).

Pooter the Cleaver (Minotaur Monk)                  Turns: 6572, Time: 00:28:44

HP:   -5/75 (78)    AC: 14    Str: 19    XL:     9   Next: 21%
MP:   8/8           EV:  8    Int:  7    God:
Gold: 383           SH:  5    Dex: 14    Spells: 8/8 levels left

rFire   + . .      SeeInvis .    a - +0 great mace
rCold   + + .      Faith    .    (shield currently unavailable)
rNeg    . . .      Spirit   .    p - +0 plate armour
rPois   .          Reflect  +    (helmet restricted)
rElec   .          Harm     .    w - scarf {rC+ rF+}
rCorr   .          Rampage  .    k - +0 pair of gloves
Will    .....                    x - +0 pair of boots
Stlth   ..........               q - amulet of reflection
HPRegen 0.32/turn                l - ring of flight
MPRegen 0.11/turn                I - ring of protection from cold

@: attractive, flying, lightly drained
A: horns 2, retaliatory headbutt
a: no special abilities


You were on level 7 of the Dungeon.
You visited 1 branch of the dungeon, and saw 7 of its levels.
You also visited: Sewer.

You collected 383 gold pieces.

Inventory:

Hand Weapons
 a - a +0 great mace (weapon)
   (You took it off an orc warrior on level 6 of the Dungeon)
 b - a +0 shortbow
   (You took it off a centaur on level 5 of the Dungeon)
 y - a +0 hand axe
 D - a +0 trident
   (You found it in a sewer)
 E - a +0 sling
   (You took it off a goblin on level 2 of the Dungeon)
 H - a +0 halberd
   (You took it off a gnoll on level 4 of the Dungeon)
Missiles
 j - 9 boomerangs (quivered)
 u - 19 poisoned darts
 v - a boomerang of dispersal {!f}
 Q - 53 stones
Armour
 k - a +0 pair of gloves (worn)
   (You found it on level 3 of the Dungeon)
 p - a +0 plate armour (worn)
   (You found it on level 2 of the Dungeon)
 w - a scarf of resistance (worn)
   (You found it on level 4 of the Dungeon)
 x - a +0 pair of boots (worn)
   (You found it on level 4 of the Dungeon)
Jewellery
 h - a +6 ring of intelligence
   (You found it on level 2 of the Dungeon)
 l - a ring of flight (left hand)
   (You found it on level 4 of the Dungeon)
 q - an amulet of reflection (around neck)
   (You found it on level 3 of the Dungeon)
 I - a ring of protection from cold (right hand)
   (You found it on level 4 of the Dungeon)
 N - a ring of positive energy
   (You found it on level 5 of the Dungeon)
Wands
 d - a wand of iceblast (2)
   (You found it on level 3 of the Dungeon)
 f - a wand of flame (12)
   (You took it off Ijyb on level 5 of the Dungeon)
 m - a wand of charming (11)
   (You found it on level 5 of the Dungeon)
Scrolls
 g - 2 scrolls of torment {!r}
 t - 6 scrolls of teleportation {@r4}
 F - a scroll of amnesia {unknown}
 J - 2 scrolls of magic mapping {unknown}
 L - a scroll of butterflies
 O - a scroll of blinking {unknown}
Potions
 c - 3 potions of ambrosia
 e - 3 potions of mutation {!q}
 n - 4 potions of haste {@q3}
 o - 3 potions of heal wounds {unknown}
 r - 2 potions of attraction {!q}
 s - a potion of brilliance {unknown}
 z - a potion of magic {unknown}
 A - a potion of might {unknown}
 B - 4 potions of flight
 C - a potion of cancellation {unknown}
 G - a potion of lignification {unknown}
 K - a potion of degeneration {unknown}
 M - 2 potions of curing {unknown}


   Skills:
 + Level 6.8 Fighting
 * Level 9.2(9.6) Axes
 + Level 2.0(6.1) Maces & Flails
 - Level 3.4(6.8) Polearms
 + Level 4.7 Ranged Weapons
 + Level 5.2 Armour
 + Level 6.3 Dodging
 - Level 1.5 Stealth


You had 8 spell levels left.
You didn't know any spells.
Your spell library contained the following spells:

 Spells                   Type           Power      Damage    Failure   Level
 Freeze                   Ice            0%         1d3       100%        1
 Summon Small Mammal      Summ           0%         N/A       100%        1
 Scorch                   Fire           0%         2d5       100%        2
 Sublimation of Blood     Necr           0%         N/A       100%        2
 Wereblood                Tmut           0%         N/A       100%        2
 Call Canine Familiar     Summ           0%         N/A       100%        3
 Frozen Ramparts          Ice            0%         1d1       100%        3
 Hailstorm                Conj/Ice       0%         3d3       100%        3
 Summon Guardian Golem    Hex/Summ       0%         N/A       100%        3
 Flame Wave               Conj/Fire      0%         2d4       100%        4
 Summon Lightning Spire   Summ/Air       0%         N/A       100%        4
 Fireball                 Conj/Fire      0%         3d3       100%        5
 Summon Cactus Giant      Summ           0%         N/A       100%        6
 Summon Hydra             Summ           0%         N/A       100%        7


Dungeon Overview and Level Annotations

Branches:
Dungeon (7/15)              Sewer (visited)
 Temple: D:4-7

Altars:
Gozag
Qazlal
Zin

Shops:
D:6 *


Innate Abilities, Weirdness & Mutations

You have a pair of horns on your head.
You reflexively headbutt those who attack you in melee.


Message History

The orc wizard is attracted toward you.
You shoot an arrow. The arrow hits the orc wizard.
The orc wizard closely misses you.
The orc warrior hits you with a +0 battleaxe.
The orc wizard barely misses you. You furiously retaliate!
You headbutt the orc wizard!
The orc warrior hits you with a +0 battleaxe!
You shoot an arrow. The arrow hits the orc wizard!
You kill the orc wizard!
The orc warrior hits you with a +0 battleaxe.
The orc warrior hits you with a +0 battleaxe!
* * * LOW HITPOINT WARNING * * *
The orc wizard is attracted toward you.
You shoot an arrow.
The arrow completely misses the orc warrior.
The orc wizard hits you but does no damage.
You feel drained. The orc warrior closely misses you. You furiously retaliate!
You headbutt the orc warrior.
An orc wizard comes into view. It is wielding a +0 dagger.
A bullfrog comes into view.
An orc comes into view. It is wielding a +0 war axe.
The orc wizard hits you but does no damage.
You feel drained. The orc warrior closely misses you. You furiously retaliate!
You headbutt the orc warrior.
a - a +0 great mace (weapon)
The orc shouts!
The orc wizard hits you but does no damage.
You feel drained.
The orc warrior hits you with a +0 battleaxe!
* * * LOW HITPOINT WARNING * * *
You sock the orc wizard!
You kill the orc wizard!
The orc wizard hits you but does no damage.
The orc warrior hits you with a +0 battleaxe!
* * * LOW HITPOINT WARNING * * *
You sock the orc warrior!
The orc wizard hits you with a +0 dagger.
* * * LOW HITPOINT WARNING * * *
The orc warrior hits you with a +0 battleaxe.
* * * LOW HITPOINT WARNING * * *
You barely miss the orc warrior.
The orc wizard hits you but does no damage.
The orc warrior barely misses you.
The orc wizard hits you but does no damage.
The orc warrior hits you with a +0 battleaxe.
* * * LOW HITPOINT WARNING * * *
You barely miss the orc warrior. You headbutt the orc warrior.
You block the orc wizard's attack.
The orc warrior hits you with a +0 battleaxe!
You die...

........#....#....
........'....#....
........#########.
######>............#.
....#.............#.
. ...#.............#.
.. oF#.............#.
...#
#o#.............##
#.o..
#@##'#######......
'.....#)o..# #......
#..o..'....# #......
#.....#...># #......
#.....##...# #......
##... #...# ##.....
#... +...# #..... #..
#...# #..... #..
#...+ #.....


You could see an orc warrior, a bullfrog, an orc wizard and an orc.

Vanquished Creatures
  3 ice beasts
  2 sky beasts (D:7)
  3 black bears
  An ogre (D:3)
  An orc warrior (D:6)
  A centaur (D:5)
  2 kobold brigands (D:7)
  3 bullfrogs
  Blork the orc (D:5)
  A necrophage (D:5)
  2 scorpions (D:6)
  2 howler monkeys
  5 hounds (D:5)
  2 jellies (D:6)
  3 orc priests (D:6)
  Ijyb (D:5)
  A gnoll bouda (D:4)
  3 orc wizards
  A merfolk siren (Sewer)
  A merfolk avatar (Sewer)
  7 gnolls (D:4)
  2 river rats (Sewer)
  4 adders
  A shadow imp (D:6)
  A white imp (D:5)
  3 worms
  2 dart slugs
  8 orcs
  8 ball pythons
  5 endoplasms (D:1)
  5 giant cockroaches
  6 hobgoblins
  6 jackals
  5 quokkas
  8 bats
  7 frilled lizards
  10 goblins
  13 kobolds
  28 rats
168 creatures vanquished.

Vanquished Creatures (collateral kills)
  A kobold (D:7)
1 creature vanquished.

Vanquished Creatures (others)
  A kobold (D:7)
1 creature vanquished.

Grand Total: 170 creatures vanquished

Notes
Turn   | Place    | Note
-------+----------+-------------------------------------------
     0 | D:1      | Pooter the Minotaur Monk began the quest for the Orb.
     0 | D:1      | Reached XP level 1. HP: 19/19 MP: 0/0
   195 | D:1      | Reached skill level 4 in Axes
   199 | D:1      | Reached XP level 2. HP: 23/27 MP: 1/1
   695 | D:1      | Reached XP level 3. HP: 33/33 MP: 2/2
  1696 | D:3      | Noticed an ice beast
  1720 | D:3      | Killed an ice beast
  1721 | D:3      | Reached skill level 5 in Axes
  1721 | D:3      | Reached skill level 1 in Ranged Weapons
  1721 | D:3      | Reached skill level 1 in Armour
  1721 | D:3      | Reached XP level 4. HP: 12/41 MP: 3/3
  1721 | D:3      | Reached XP level 5. HP: 14/47 MP: 4/4
  1820 | D:3      | Noticed an ogre
  1847 | D:3      | Found a stormy altar of Qazlal.
  1923 | D:3      | Killed an ogre
  2617 | D:4      | Reached XP level 6. HP: 55/55 MP: 5/5
  2859 | D:4      | Reached skill level 6 in Axes
  3022 | D:3      | Reached skill level 5 in Fighting
  3157 | D:4      | Reached XP level 7. HP: 38/61 MP: 6/6
  3568 | D:5      | Entered Level 5 of the Dungeon
  3617 | D:5      | Reached skill level 7 in Axes
  3617 | D:5      | Reached skill level 1 in Polearms
  3690 | D:5      | Found a glowing drain.
  3696 | Sewer    | Entered a sewer
  3785 | Sewer    | Reached skill level 5 in Dodging
  4195 | D:5      | Found a glowing silver altar of Zin.
  4267 | D:5      | Noticed Blork the orc
  4291 | D:5      | Killed Blork the orc
  4457 | D:5      | Upgraded the game from 0.30-a0-347-gf58ed5266c to
                  | 0.30-a0-354-g6b83867211
  4609 | D:5      | Reached XP level 8. HP: 45/70 MP: 7/7
  4789 | D:5      | Noticed Ijyb
  4794 | D:5      | Killed Ijyb
  4967 | D:5      | Reached skill level 8 in Axes
  5555 | D:6      | Got the Compilation of Kindling and Assembling
  5661 | D:6      | Found an opulent altar of Gozag.
  5667 | D:6      | Found Gozag's Platinum Reserve.
  5729 | D:6      | Reached skill level 1 in Maces & Flails
  6148 | D:7      | Reached XP level 9. HP: 57/78 MP: 8/8
  6339 | D:7      | Reached skill level 9 in Axes
  6339 | D:7      | Reached skill level 5 in Armour
  6572 | D:7      | Slain by an orc warrior

Illustrated notes

Levels and vault maps discovered:
D:1:      denvon_arrival_planthouse, layout_loops_ring, minmay_misc_feat_doors
D:2:      cheibrodos_old_hovel, layout_basic
D:3:      layout_rooms, mainiacjoe_overflow_six_doors_small
D:4:      layout_rooms
D:5:      layout_basic, lemuel_doored_altar, gup_sewer_entry_bubbles, uniq_ijyb,
          uniq_blork_the_orc
D:6:      layout_loops_ring, nicolae_gozag_zags_fifth_avenue,
          minmay_crystal_water, minmay_statues_item
D:7:      layout_gridville, temple_doors_e

Skill      XL: |  1  2  3  4  5  6  7  8  9 |
---------------+----------------------------+-----
Axes           | 4 5 6 7 8 9 |  9.2
Fighting       | 4 5 6 |  6.8
Ranged Weapons | 1 2 3 4 |  4.7
Armour         | 1 2 3 4 5 |  5.2
Dodging        | 4 5 6 |  6.3
Polearms       | 2 3 |  3.4
Maces & Flails | 1 2 |  2.0
Stealth        | |  1.5

Action                   |  1- 3 |  4- 6 |  7- 9 || total
-------------------------+-------+-------+-------++-------
Melee: Hand axe          |   106 |    79 |     3 ||   188
       Headbutt          |    10 |    19 |    41 ||    70
       Punch             |     1 |     1 |       ||     2
       Halberd           |       |       |   215 ||   215
       Great mace        |       |       |    65 ||    65
 Fire: Sling             |     3 |    11 |     3 ||    17
       Shortbow          |       |       |    26 ||    26
Throw: Boomerang         |       |       |    11 ||    11
       Dart              |       |       |     3 ||     3
Evoke: Wand              |       |     1 |    11 ||    12
  Use: Potion            |     1 |       |     1 ||     2
       Scroll            |       |     3 |     5 ||     8
 Stab: Sleeping          |     7 |       |       ||     7
Armor: Robe              |    10 |       |       ||    10
       Plate armour      |    30 |    72 |   181 ||   283
Dodge: Dodged            |    57 |    38 |    83 ||   178
Block: Other             |       |    29 |    54 ||    83
       Reflection        |       |       |     2 ||     2

Table legend: (Time is in decaauts)
 A = Elapsed time spent in this place.
 B = Non-inter-level travel time spent in this place.
 C = Inter-level travel time spent in this place.
 D = Time resting spent in this place.
 E = Time spent auto-exploring this place.
 F = Levels seen in this place.
 G = Mean time per level.
                   A        B        C        D        E       F      G
               +--------+--------+--------+--------+--------+-----+--------+
         Total |   6688 |   6556 |    132 |   1276 |   3817 |   8 |  836.0 |
       Dungeon |   6211 |   6079 |    132 |   1276 |   3536 |   7 |  887.3 |
         Sewer |    477 |    477 |      0 |      0 |    281 |   1 |  477.0 |
               +--------+--------+--------+--------+--------+-----+--------+

Top non-repeatable levels by time:
     D:6: 1118 daAuts
     D:3: 1106 daAuts
     D:5: 1038 daAuts
     D:2: 899 daAuts
     D:4: 835 daAuts
     D:1: 748 daAuts
   Sewer: 477 daAuts
     D:7: 465 daAuts
